 Dungeon Crawl Stone Soup version 0.27-a0-1139-g28e009f8a6 (webtiles) character file.

Game seed: 13815006840739209937

86 heikuro the Skirmisher (level 4, -5/37 HPs)
             Began as a Formicid Abyssal Knight on May 8, 2021.
             Was a Follower of Lugonu.
             Killed from afar by Natasha (9 damage)
             ... with a puff of flame
             ... on level 1 of the Dungeon.
             The game lasted 00:02:56 (2403 turns).

heikuro the Skirmisher (Formicid Abyssal Knight)    Turns: 2403, Time: 00:02:56

Health: -5/37      AC:  3    Str: 17    XL:     4   Next: 78%
Magic:  6/6        EV: 11    Int: 12    God:    Lugonu [*.....]
Gold:   95         SH:  0    Dex: 10    Spells: 3/3 levels left

rFire    . . .     SeeInvis +   a - +1 hand axe
rCold    . . .     Faith    .   (no shield)
rNeg     . . .     Spirit   .   b - +0 leather armour
rPois    .         Reflect  .   (helmet unavailable)
rElec    .         Harm     .   (no cloak)
rCorr    .         Rampage  .   (no gloves)
Will     .....                  (no boots)
Stlth    +.........             (no amulet)
HPRegen  0.12/turn              (no ring)
MPRegen  0.10/turn              (no ring)

@: no status effects
A: permanent stasis, dig shafts and tunnels, antennae 3, four strong arms
a: Dig, Shaft Self, Renounce Religion, Depart the Abyss


You were on level 1 of the Dungeon.
You worshipped Lugonu.
Lugonu was aware of your devotion.
You visited 1 branch of the dungeon, and saw 2 of its levels.
You visited the Abyss 1 time.

You collected 95 gold pieces.

Inventory:

Hand Weapons
 a - a +1 hand axe (weapon)
Armour
 b - a +0 leather armour (worn)
Scrolls
 c - a scroll of fog {unknown}
 e - 2 scrolls of identify {unknown}
Potions
 d - a potion of lignification {unknown}
 f - a potion of mutation {unknown}


   Skills:
 + Level 3.8 Fighting
 * Level 3.3 Axes
 + Level 2.9 Armour
 - Level 1.0 Dodging
 + Level 3.0 Invocations


You had 3 spell levels left.
You didn't know any spells.
Your spell library was empty.

Dungeon Overview and Level Annotations

Branches:
Dungeon (2/15)

Altars:

Annotations:
D:1 Natasha


Innate Abilities, Weirdness & Mutations

You cannot be hasted, slowed, berserked, paralysed or teleported.
You can dig through walls and to a lower floor.
You have a pair of large antennae on your head. (SInv)
Your four strong arms can wield two-handed weapons with a shield.


Message History

Natasha yowls pathetically as she dies!
The crimson imp disappears in a puff of smoke!
The iron imp disappears in a puff of smoke!
The crimson imp disappears in a puff of smoke!
Your Invocations skill increases to level 3!
There is a stone staircase leading down here.
You climb downwards.
There is a stone staircase leading up, spattered with blood here.
You start resting.
HP restored.
You climb upwards.
There is a stone staircase leading down here.
You see here the felid skeleton of Natasha.
You see here a +0 robe.
Things that are here:
a +0 dagger; a +0 club Natasha, Servant of Life and Death comes into view.
She is carrying a wand of flame (18).
Natasha zaps a wand.
The puff of flame hits you!
Things that are here:
a +0 dagger; a +0 club Natasha mumbles some strange words.
You barely miss Natasha. Natasha closely misses you.
You hit Natasha but do no damage.
Natasha zaps a wand.
The puff of flame hits you!
The crimson imp blinks!
You barely miss Natasha.
Natasha zaps a wand.
The puff of flame hits you!
The crimson imp blinks!
You closely miss Natasha. Natasha casts a spell at you.
Your stasis prevents you from being slowed.
Natasha misses you.
You barely miss Natasha. Natasha closely misses you.
You hit Natasha.
Natasha is lightly wounded.
Natasha zaps a wand.
The puff of flame hits you!
* * * LOW HITPOINT WARNING * * *
Unknown command.
You completely miss Natasha.
Natasha is lightly wounded.
Natasha zaps a wand.
The puff of flame hits you!
You die...

,,,,* *,†,* **,....♣♣♣≈**,,,**
***,* ***,* ***.....♣*,***,,,
*,*****,* *,....♣♣,,,****
***,**,,,,****#######....♣♣♣,* *
,**,**,***,,,,.............♣,*
,**,**,* *,***#######.....♣.♣*
,**,**,* *,* #.).....5#...♣***
,**,**,* #.* #h########*#{.,,**
,**,**.###.#####@##,,,,,,,,,h,,,,
,**,**......).....#,******,,,*,,,
,,,,,,,,....####5.#)* *,,,,**(,
,**,,,,,..........#)* *,,*,***,
*****,,,,##..###.##.## *,,*,* **
*,,,,*##.#.......# *,,*,****
****,,,,* #..[......#***,,*,,,,*
**,,,,,,,* #..######....,,,,,,,,*
**,,,,,,,* #..## **###*###***,*


You could see Natasha and a crimson imp (summoned).

Vanquished Creatures
  Natasha (twice) (D:1)
  A dart slug (D:1)
  A ball python (D:1)
  2 endoplasms (D:1)
  6 goblins (D:1)
  2 hobgoblins (D:1)
  5 jackals (D:1)
  3 kobolds (D:1)
  A quokka (D:1)
  A bat (D:1)
  5 frilled lizards (D:1)
  5 rats (D:1)
34 creatures vanquished.

Notes
Turn   | Place    | Note
-------+----------+-------------------------------------------
     0 | Abyss:1  | heikuro the Formicid Abyssal Knight began the quest for the
                  | Orb.
     0 | Abyss:1  | Reached XP level 1. HP: 18/18 MP: 2/2
    51 | Abyss:1  | Noticed a starcursed mass
    54 | D:1      | Escaped the Abyss
   271 | D:1      | Reached skill level 1 in Dodging
   279 | D:1      | Reached XP level 2. HP: 22/24 MP: 3/3
   326 | D:1      | Reached * piety under Lugonu
   560 | D:1      | Reached XP level 3. HP: 18/29 MP: 4/4
  1916 | D:2      | Noticed Natasha
  1968 | D:1      | Killed Natasha
  1969 | D:1      | Reached XP level 4. HP: 24/37 MP: 4/6
  2082 | D:1      | Noticed Natasha
  2091 | D:1      | Killed Natasha
  2385 | D:1      | Noticed Natasha
  2403 | D:1      | Killed from afar by Natasha

Illustrated notes

Levels and vault maps discovered:
D:1:      kilobyte_arrival_exit_the_forest, layout_basic, st_stairs_5
D:2:      layout_rooms, minmay_pentomino_u2, uniq_natasha

Skill      XL: |  1  2  3  4 |
---------------+-------------+-----
Dodging        | 1 |  1.0
Axes           | 3 |  3.3
Invocations    | 3 |  3.0
Fighting       | |  3.8
Armour         | |  2.9

Action                   |  1- 3 |  4- 6 || total
-------------------------+-------+-------++-------
Melee: Hand axe          |   111 |    15 ||   126
Invok: Depart the Abyss  |     1 |       ||     1
 Abil: Dig               |     1 |       ||     1
Armor: Leather armour    |    24 |       ||    24
Dodge: Dodged            |    60 |     7 ||    67

Table legend: (Time is in decaauts)
 A = Elapsed time spent in this place.
 B = Non-inter-level travel time spent in this place.
 C = Inter-level travel time spent in this place.
 D = Time resting spent in this place.
 E = Time spent auto-exploring this place.
 F = Levels seen in this place.
 G = Mean time per level.
                   A        B        C        D        E       F      G
               +--------+--------+--------+--------+--------+-----+--------+
         Total |   2433 |   2390 |     43 |   1069 |    914 |   3 |  811.0 |
       Dungeon |   2379 |   2336 |     43 |   1069 |    882 |   2 | 1189.5 |
         Abyss |     54 |     54 |      0 |      0 |     32 |   1 |   54.0 |
               +--------+--------+--------+--------+--------+-----+--------+

Top non-repeatable levels by time:
     D:1: 2145 daAuts
     D:2: 234 daAuts
 Abyss:1: 54 daAuts
